General information
- name: BNet
- type: Ladder team game (AT/RT)
- host: Battle.net
- saver: PIESOFTHENORTH
map: Cherryville
- players: 8
- length: 24:48
- speed: Fast
- version: 1.26 W3XP
- replay type: Public
» download(152 KB)
Players
team 1 (loser)

»
EXIT_Sign (
yellow | 69 APM | 1708 actions | 24:35)
4 Firelord
2 Summon Lava Spawn
2 Soul Burn
4 Dark Ranger
2 Black Arrow
2 Silence
3 Archmage
2 Blizzard
1 Brilliance Aura
» actions
| Assign group hotkey | 27 | |
| Build / train | 77 | |
| Enter build submenu | 70 | |
| Enter hero's abilities submenu | 11 | |
| Give item / drop item | 4 | |
| Right click | 497 | |
| Select / deselect | 328 | |
| Select group hotkey | 590 | |
| Use ability | 104 | |
1708 total
» units
» upgrades
| Masonry | 3 | |
| Swords | 2 | |
| Plating | 1 | |
| Animal War Training | 1 | |
7 total
» buildings
| Altar of Kings | 1 | |
| Farm | 24 | |
| Keep | 1 | |
| Lumber Mill | 1 | |
| Scout Tower | 27 | |
| Blacksmith | 1 | |
| Arcane Tower | 2 | |
| Guard Tower | 19 | |
| Arcane Vault | 2 | |
| Castle | 1 | |
| Barracks | 2 | |
| Town Hall | 1 | |
82 total
» build order
00:28 Altar of Kings
01:35 Farm
01:37 Farm
01:39 Farm
01:56 Keep
02:19 Lumber Mill
02:22 Scout Tower
02:51 Blacksmith
02:53 Arcane Tower
02:56 Farm
03:18 Farm
03:33 Scout Tower
03:36 Farm
03:40 Scout Tower
03:46 Scout Tower
04:07 Guard Tower
04:10 Farm
04:18 Arcane Vault
04:31 Arcane Vault
04:39 Farm
04:57 Farm
05:12 Guard Tower
05:26 Scout Tower
05:39 Scout Tower
05:42 Scout Tower
06:01 Guard Tower
06:03 Scout Tower
06:08 Scout Tower
06:09 Guard Tower
06:15 Scout Tower
06:17 Guard Tower
06:32 Guard Tower
06:39 Guard Tower
06:45 Scout Tower
06:46 Arcane Tower
07:16 Farm
07:35 Guard Tower
08:22 Farm
08:38 Castle
08:52 Scout Tower
08:55 Scout Tower
09:05 Farm
09:45 Guard Tower
09:47 Farm
09:49 Farm
09:51 Farm
10:35 Farm
10:37 Farm
10:38 Farm
10:49 Farm
10:50 Farm
11:42 Scout Tower
11:53 Scout Tower
12:14 Scout Tower
12:17 Guard Tower
12:34 Scout Tower
12:36 Guard Tower
12:48 Guard Tower
12:50 Scout Tower
13:06 Farm
13:08 Guard Tower
13:20 Farm
13:21 Guard Tower
14:43 Scout Tower
14:44 Scout Tower
14:51 Scout Tower
15:13 Guard Tower
15:14 Farm
15:18 Scout Tower
15:24 Scout Tower
15:41 Guard Tower
15:59 Guard Tower
16:01 Scout Tower
16:02 Guard Tower
16:05 Scout Tower
16:09 Farm
16:33 Guard Tower
17:19 Scout Tower
17:20 Scout Tower
17:29 Barracks
17:31 Barracks
23:36 Town Hall
» items
| Boots of Speed | 2 | |
| Healing Salve | 1 | |
| Lesser Clarity Potion | 6 | |
| Scroll of Speed | 1 | |
| Orb of Fire | 1 | |
| Scroll of Town Portal | 2 | |
| Scroll of Regeneration | 2 | |
15 total
pandaman_ (
pink | 59 APM | 1015 actions | 17:17)
5 Demon Hunter
3 Immolation
2 Mana Burn
3 Keeper of the Grove
1 Force of Nature
2 Entangling Roots
» actions
| Assign group hotkey | 13 | |
| Basic commands | 19 | |
| Build / train | 84 | |
| Enter build submenu | 20 | |
| Enter hero's abilities submenu | 8 | |
| Give item / drop item | 2 | |
| Remove unit from queue | 2 | |
| Right click | 420 | |
| Select / deselect | 302 | |
| Select group hotkey | 86 | |
| Use ability | 59 | |
1015 total
» units
| Wisp | 29 | |
| Archer | 5 | |
| Assassin | 1 | |
| Huntress | 14 | |
| Chimaera | 4 | |
| Goblin Shredder | 1 | |
| Hippogryph | 3 | |
| Druid of the Talon | 2 | |
| Druid of the Claw | 3 | |
62 total
» upgrades
| Sentinel | 1 | |
| Strength of the Wild | 1 | |
| Reinforced Hides | 1 | |
| Druid of the Claw Training | 2 | |
5 total
» buildings
| Altar of Elders | 1 | |
| Moon Well | 5 | |
| Ancient of War | 1 | |
| Tree of Ages | 1 | |
| Hunter's Hall | 1 | |
| Tree of Life | 2 | |
| Tree of Eternity | 1 | |
| Ancient of Wind | 1 | |
| Chimaera Roost | 2 | |
| Ancient of Lore | 2 | |
17 total
» build order
00:14 Altar of Elders
00:18 Moon Well
01:03 Ancient of War
01:26 Moon Well
02:39 Tree of Ages
02:44 Moon Well
03:45 Hunter's Hall
04:17 Tree of Life
04:42 Moon Well
05:35 Tree of Eternity
05:50 Ancient of Wind
08:31 Chimaera Roost
08:33 Chimaera Roost
09:10 Tree of Life
09:17 Ancient of Lore
13:42 Ancient of Lore
14:36 Moon Well
» items
| Scroll of Town Portal | 1 | |
| Healing Salve | 1 | |
2 total
PIESOFTHENORTH (
blue | 51 APM | 1263 actions | 24:48)
3 Firelord
2 Summon Lava Spawn
1 Soul Burn
2 Pandaren Brewmaster
1 Breath of Fire
1 Drunken Haze
3 Keeper of the Grove
2 Entangling Roots
1 Thorns Aura
» actions
| Assign group hotkey | 55 | |
| Basic commands | 26 | |
| Build / train | 55 | |
| ESC pressed | 10 | |
| Enter build submenu | 25 | |
| Enter hero's abilities submenu | 8 | |
| Give item / drop item | 1 | |
| Right click | 396 | |
| Select / deselect | 415 | |
| Select group hotkey | 140 | |
| Use ability | 132 | |
1263 total
» units
| Wisp | 20 | |
| Archer | 7 | |
| Druid of the Talon | 2 | |
29 total
» upgrades
| Well Spring | 1 | |
| Druid of the Talon Training | 2 | |
| Nature's Blessing | 1 | |
| Ultravision | 1 | |
5 total
» buildings
| Altar of Elders | 3 | |
| Ancient of War | 1 | |
| Moon Well | 7 | |
| Ancient of Wonders | 2 | |
| Tree of Ages | 2 | |
| Hunter's Hall | 3 | |
| Tree of Eternity | 1 | |
| Ancient of Wind | 3 | |
| Tree of Life | 2 | |
24 total
» build order
00:07 Altar of Elders
00:24 Ancient of War
00:36 Moon Well
01:44 Ancient of Wonders
01:49 Ancient of Wonders
01:57 Moon Well
02:54 Moon Well
03:48 Tree of Ages
03:58 Moon Well
05:58 Hunter's Hall
06:52 Tree of Eternity
08:22 Ancient of Wind
08:29 Ancient of Wind
08:49 Moon Well
13:26 Tree of Life
17:55 Altar of Elders
18:03 Ancient of Wind
18:22 Hunter's Hall
18:46 Moon Well
20:59 Altar of Elders
21:17 Moon Well
21:38 Hunter's Hall
21:45 Tree of Ages
22:02 Tree of Life
» items
| Potion of Healing | 4 | |
| Staff of Preservation | 1 | |
| Scroll of Town Portal | 1 | |
| Orb of Venom | 1 | |
7 total
tostes-brasil (
teal | 34 APM | 823 actions | 24:25)
7 Blademaster
3 Critical Strike
3 Wind Walk
1 Bladestorm
» actions
| Build / train | 61 | |
| Enter build submenu | 24 | |
| Enter hero's abilities submenu | 7 | |
| Right click | 458 | |
| Select / deselect | 217 | |
| Use ability | 56 | |
823 total
» units
| Peon | 16 | |
| Grunt | 7 | |
| Wind Rider | 13 | |
| Raider | 4 | |
| Kodo Beast | 4 | |
| Huntress | 3 | |
47 total
» upgrades
| Spiked Barricades | 1 | |
| Ranged Weapons | 1 | |
2 total
» buildings
| Orc Burrow | 6 | |
| Altar of Storms | 1 | |
| Barracks | 1 | |
| War Mill | 1 | |
| Stronghold | 1 | |
| Voodoo Lounge | 1 | |
| Watch Tower | 15 | |
| Great Hall | 1 | |
| Beastiary | 5 | |
| Tree of Life | 1 | |
| Ancient of War | 1 | |
34 total
» build order
00:10 Orc Burrow
00:13 Altar of Storms
00:25 Barracks
01:41 Orc Burrow
02:40 War Mill
04:12 Stronghold
04:30 Voodoo Lounge
05:53 Watch Tower
05:54 Watch Tower
05:55 Watch Tower
06:15 Orc Burrow
06:59 Great Hall
07:12 Orc Burrow
08:30 Beastiary
08:31 Beastiary
08:33 Beastiary
08:35 Beastiary
08:59 Beastiary
11:03 Watch Tower
11:04 Watch Tower
11:05 Watch Tower
12:04 Orc Burrow
13:12 Orc Burrow
17:47 Watch Tower
17:50 Watch Tower
17:54 Watch Tower
18:26 Tree of Life
18:28 Ancient of War
19:03 Watch Tower
19:09 Watch Tower
21:34 Watch Tower
21:35 Watch Tower
21:37 Watch Tower
21:38 Watch Tower
» items
| Healing Salve | 2 | |
| Potion of Healing | 1 | |
3 total
team 2 (winner)

»
HowCanYouBeNoob (
purple | 59 APM | 1459 actions | 24:48)
8 Warden
3 Fan of Knives
3 Shadow Strike
1 Spirit of Vengeance
1 Blink
4 Demon Hunter
2 Evasion
1 Metamorphosis
1 Mana Burn
» actions
| Assign group hotkey | 19 | |
| Build / train | 108 | |
| Enter build submenu | 29 | |
| Enter hero's abilities submenu | 13 | |
| Give item / drop item | 5 | |
| Right click | 630 | |
| Select / deselect | 348 | |
| Select group hotkey | 218 | |
| Use ability | 89 | |
1459 total
» units
| Wisp | 22 | |
| Archer | 3 | |
| Dryad | 41 | |
| Druid of the Claw | 11 | |
77 total
» upgrades
| Strength of the Wild | 4 | |
| Reinforced Hides | 4 | |
| Abolish Magic | 2 | |
| Druid of the Claw Training | 2 | |
| Mark of the Claw | 1 | |
13 total
» buildings
| Moon Well | 15 | |
| Altar of Elders | 1 | |
| Ancient of War | 1 | |
| Tree of Ages | 3 | |
| Hunter's Hall | 2 | |
| Tree of Life | 1 | |
| Tree of Eternity | 1 | |
| Ancient of Lore | 4 | |
28 total
» build order
00:52 Moon Well
01:13 Altar of Elders
01:19 Ancient of War
01:29 Moon Well
02:49 Moon Well
02:56 Moon Well
03:00 Tree of Ages
03:00 Tree of Ages
03:48 Moon Well
03:55 Moon Well
03:59 Hunter's Hall
04:37 Tree of Life
05:01 Moon Well
05:03 Moon Well
05:08 Hunter's Hall
05:53 Tree of Eternity
05:58 Ancient of Lore
06:00 Ancient of Lore
06:25 Ancient of Lore
06:29 Ancient of Lore
06:33 Moon Well
08:41 Moon Well
08:43 Moon Well
09:49 Moon Well
09:52 Moon Well
15:18 Moon Well
15:20 Moon Well
» items
| Potion of Lesser Invulnerability | 1 | |
1 total

»
Ronaldo7506 (
red | 42 APM | 1036 actions | 24:48)
6 Beastmaster
3 Summon Hawk
2 Summon Quilbeast
1 Stampede
3 Demon Hunter
1 Evasion
2 Mana Burn
» actions
| Build / train | 60 | |
| Enter build submenu | 20 | |
| Enter hero's abilities submenu | 9 | |
| Give item / drop item | 4 | |
| Right click | 507 | |
| Select / deselect | 388 | |
| Use ability | 48 | |
1036 total
» units
| Peon | 7 | |
| Shaman | 4 | |
| Raider | 3 | |
| Troll Batrider | 12 | |
| Wind Rider | 3 | |
29 total
» upgrades
| Shaman Training | 2 | |
| Ensnare | 1 | |
| Pillage | 1 | |
| Liquid Fire | 1 | |
| Envenomed Spears | 1 | |
6 total
» buildings
| Altar of Storms | 1 | |
| Orc Burrow | 9 | |
| Voodoo Lounge | 2 | |
| War Mill | 1 | |
| Tree of Ages | 1 | |
| Stronghold | 1 | |
| Beastiary | 3 | |
| Spirit Lodge | 2 | |
| Fortress | 1 | |
21 total
» build order
00:09 Altar of Storms
00:13 Orc Burrow
00:16 Orc Burrow
01:53 Voodoo Lounge
02:06 War Mill
03:19 Tree of Ages
03:33 Orc Burrow
04:44 Stronghold
05:11 Orc Burrow
07:31 Beastiary
07:34 Beastiary
07:39 Spirit Lodge
07:40 Spirit Lodge
07:42 Fortress
10:03 Orc Burrow
10:53 Voodoo Lounge
11:30 Orc Burrow
16:14 Beastiary
16:17 Orc Burrow
17:50 Orc Burrow
17:53 Orc Burrow
» items
| Healing Salve | 3 | |
| Lesser Clarity Potion | 2 | |
| Scroll of Speed | 1 | |
| Scroll of Town Portal | 1 | |
| Boots of Speed | 1 | |
| Periapt of Vitality | 1 | |
| Scroll of Regeneration | 1 | |
| Orb of Fire | 1 | |
| Staff of Sanctuary | 1 | |
12 total
WhyImHigh (
orange | 70 APM | 216 actions | 03:04)
1 Demon Hunter
1 Mana Burn
» actions
| Assign group hotkey | 31 | |
| Build / train | 18 | |
| Enter build submenu | 5 | |
| Enter hero's abilities submenu | 1 | |
| Right click | 91 | |
| Select / deselect | 42 | |
| Select group hotkey | 21 | |
| Use ability | 7 | |
216 total
» units
» buildings
| Altar of Elders | 1 | |
| Moon Well | 3 | |
| Ancient of War | 1 | |
5 total
» build order
00:13 Altar of Elders
00:23 Moon Well
00:44 Ancient of War
01:33 Moon Well
02:47 Moon Well

»
MAK1 (
green | 37 APM | 912 actions | 24:48)
4 Archmage
1 Summon Water Elemental
1 Blizzard
2 Brilliance Aura
6 Paladin
1 Holy Light
3 Divine Shield
1 Devotion Aura
1 Resurrection
» actions
| Build / train | 80 | |
| Enter build submenu | 31 | |
| Enter hero's abilities submenu | 10 | |
| Give item / drop item | 1 | |
| Right click | 374 | |
| Select / deselect | 343 | |
| Use ability | 73 | |
912 total
» units
| Peasant | 12 | |
| Mortar Team | 9 | |
| Priest | 5 | |
| Siege Engine | 9 | |
| Sorceress | 1 | |
| Spell Breaker | 2 | |
38 total
» upgrades
| Gunpowder | 3 | |
| Armor | 2 | |
| Masonry | 2 | |
| Magic Sentry | 1 | |
| Fragmentation Shards | 1 | |
| Barrage | 1 | |
| Flare | 1 | |
| Priest Training | 2 | |
| Plating | 1 | |
| Control Magic | 1 | |
15 total
» buildings
| Altar of Kings | 1 | |
| Farm | 8 | |
| Lumber Mill | 1 | |
| Blacksmith | 1 | |
| Scout Tower | 12 | |
| Guard Tower | 10 | |
| Keep | 1 | |
| Arcane Vault | 1 | |
| Workshop | 2 | |
| Castle | 1 | |
| Arcane Sanctum | 1 | |
| Town Hall | 1 | |
40 total
» build order
00:18 Altar of Kings
00:26 Farm
00:51 Lumber Mill
01:11 Farm
01:21 Blacksmith
01:47 Farm
02:27 Scout Tower
03:18 Guard Tower
03:21 Keep
03:24 Farm
04:00 Farm
04:12 Arcane Vault
05:55 Scout Tower
05:58 Scout Tower
06:02 Farm
06:14 Workshop
06:38 Guard Tower
06:41 Guard Tower
06:47 Scout Tower
07:01 Farm
08:32 Scout Tower
08:35 Scout Tower
08:42 Scout Tower
09:00 Scout Tower
09:08 Guard Tower
09:10 Guard Tower
09:19 Guard Tower
09:35 Guard Tower
09:38 Farm
10:51 Scout Tower
10:57 Castle
11:01 Arcane Sanctum
11:17 Scout Tower
11:26 Guard Tower
13:43 Workshop
13:45 Guard Tower
22:49 Town Hall
23:15 Scout Tower
23:45 Guard Tower
23:49 Scout Tower
» items
| Scroll of Town Portal | 2 | |
| Orb of Fire | 1 | |
3 total
Chat log
(00:49 / Allies) tostes-brasil: 30 wood please
(00:54 / Allies) tostes-brasil: please 30 wood
(00:55 / Allies) PIESOFTHENORTH: Don't have that.
(04:41 / Allies) tostes-brasil: tyeloow come
(11:48 / Allies) tostes-brasil: wwood please
(12:13 / Allies) tostes-brasil: ty
(12:39 / Allies) PIESOFTHENORTH: yeah i'm gonna need help
(13:48 / Allies) PIESOFTHENORTH: back the chim
(13:56 / Allies) PIESOFTHENORTH: no sense in giving them exp
(14:02 / Allies) PIESOFTHENORTH: or not
(14:04 / Allies) PIESOFTHENORTH: whatever
(14:06 / Allies) pandaman_: not gonna win this
(14:10 / Allies) pandaman_: u see yellow
(14:12 / Allies) PIESOFTHENORTH: especially if you keep feeding
(14:13 / Allies) pandaman_: u lose already
(14:34 / Allies) EXIT_Sign: yes.... noob panda
(14:39 / Allies) EXIT_Sign: i jsut want you get lost
(14:49 / Allies) pandaman_: nah
(14:54 / Allies) pandaman_: u just a LOSER
(14:57 / Allies) EXIT_Sign: i dont care of your noob base
(15:00 / Allies) pandaman_: U CANNOT WIN
(15:03 / Allies) pandaman_: LOSER
(15:05 / Allies) EXIT_Sign: 'who care?
(15:08 / Allies) pandaman_: ALL UR LIFE U ARE LOSER
(15:15 / Allies) pandaman_: U CANNOT CARE , LOSER
(15:20 / Allies) pandaman_: U PLAY TO LOSE
(15:22 / Allies) pandaman_: THAT IS ALL
(17:04 / Allies) pandaman_: IS FUN TO BE ABLE TO PLAY
(17:06 / Allies) pandaman_: YELLOW
(17:10 / Allies) pandaman_: U WILL NEVER FIND OUT,
(17:12 / Allies) pandaman_: BECAUSE
(17:14 / Allies) pandaman_: U ARE A LOSER
(17:24 / Allies) PIESOFTHENORTH: u go yellow
(17:27 / Allies) PIESOFTHENORTH: show them whos boss
(17:32 / Allies) PIESOFTHENORTH: i believe in you yello and teal
(17:34 / Allies) PIESOFTHENORTH: u guys got this
(17:42 / Allies) PIESOFTHENORTH: if you need wood just ask
(17:43 / Allies) PIESOFTHENORTH: i sitll have lots
(17:49 / Allies) EXIT_Sign: no worri
(17:52 / Allies) EXIT_Sign: i will get unit
(17:53 / Allies) PIESOFTHENORTH: i'll try to control pink i guess
(18:35 / Allies) EXIT_Sign: stay back
(18:36 / Allies) tostes-brasil: come
(19:12 / Allies) PIESOFTHENORTH: well so much for that
(19:15 / Allies) PIESOFTHENORTH: oh
(19:17 / Allies) PIESOFTHENORTH: cool
(19:33 / Allies) PIESOFTHENORTH: I'll put that to good use
(19:43 / Allies) PIESOFTHENORTH: maybe i'll just hide trees everywhere lol
(20:03 / Allies) PIESOFTHENORTH: devour the mrotars
(20:04 / Allies) PIESOFTHENORTH: with ur kdoose
(20:15 / Allies) PIESOFTHENORTH: lol
(20:59 / Allies) EXIT_Sign: get him blue
(21:01 / Allies) EXIT_Sign: pink
(21:06 / Allies) PIESOFTHENORTH: i'm
(21:09 / Allies) PIESOFTHENORTH: controlling him
(21:26 / Allies) EXIT_Sign: go
(21:28 / Allies) EXIT_Sign: own them
(21:31 / Allies) PIESOFTHENORTH: i can't :(
(21:59 / Allies) EXIT_Sign: move
(23:11 / Allies) PIESOFTHENORTH: why are you blizzarding dryads o_O
(24:37 / All) PIESOFTHENORTH: gg